 Dungeon Crawl Stone Soup version 0.26-a0-697-g110436e (webtiles) character file.

Game seed: 2694099600252702508

3522 Mopster the Cleaver (level 10, -4/68 HPs)
             Began as an Octopode Berserker on Oct 25, 2020.
             Was a High Priest of Trog.
             Slain by an orc wizard
             ... wielding a +0 dagger
              (5 damage)
             ... on level 8 of the Dungeon.
             The game lasted 00:14:39 (7300 turns).

Mopster the Cleaver (Octopode Berserker)            Turns: 7300, Time: 00:14:39

Health: -4/68      AC:  1    Str: 17    XL:     10   Next: 8%
Magic:  10/10      EV: 20    Int:  9    God:    Trog [*****.]
Gold:   362        SH:  4    Dex: 15    Spells: 9/9 levels left

rFire    . . .     SeeInvis .   x - +0 war axe
rCold    . . .     Faith    .   y - +0 buckler
rNeg     + . .     Spirit   .   (helmet restricted)
rPois    .         Reflect  .   (no amulet)
rElec    .         Harm     .   f - +4 ring of evasion
rCorr    .         Rampage  .   i - ring of positive energy
MR       .....                  (no ring)
Stlth    +++++.....             (no ring)
HPRegen  0.21/turn              (no ring)
MPRegen  0.12/turn              (no ring)
                                (no ring)
                                (no ring)

@: berserk cooldown, slowed, very slow
A: almost no armour, stealthy swim, amphibious, 8 rings, constrict 8, camouflage
1, gelatinous body 1
a: Berserk, Trog's Hand, Brothers in Arms, Renounce Religion


You were on level 8 of the Dungeon.
You worshipped Trog.
Trog was extremely pleased with you.
You visited 1 branch of the dungeon, and saw 8 of its levels.

You collected 362 gold pieces.

Inventory:

Hand Weapons
 x - a +0 war axe (weapon)
Armour
 y - a +0 buckler (worn)
Jewellery
 f - a +4 ring of evasion (left tentacle)
 i - a ring of positive energy (right tentacle)
 s - an uncursed ring of fire
Wands
 o - a wand of enslavement (12)
Scrolls
 a - a scroll of brand weapon {unknown}
 b - 7 scrolls of teleportation {unknown}
 d - a scroll of fog {unknown}
 e - 8 scrolls of identify {unknown}
 h - 9 scrolls of remove curse {unknown}
 l - 2 scrolls of fear {unknown}
 p - a scroll of random uselessness {unknown}
 q - a scroll of immolation {unknown}
 t - a scroll of blinking {unknown}
 u - a scroll of amnesia {unknown}
 v - 3 scrolls of enchant weapon {unknown}
 z - a scroll of enchant armour {unknown}
 B - a scroll of noise {unknown}
Potions
 c - 2 potions of haste {unknown}
 g - a potion of ambrosia {unknown}
 j - 2 potions of might {unknown}
 k - 2 potions of resistance {unknown}
 m - 2 potions of mutation {unknown}
 n - 2 potions of flight {unknown}
 r - 2 potions of brilliance {unknown}
 w - 3 potions of degeneration {unknown}
 A - a potion of heal wounds {unknown}
 C - a potion of curing {unknown}


   Skills:
 + Level 6.2 Fighting
 + Level 10.5 Axes
 + Level 6.1 Dodging
 + Level 8.1 Stealth
 + Level 1.2 Shields


You had 9 spell levels left.
You didn't know any spells.
Your spell library was empty.

Dungeon Overview and Level Annotations

Branches:
Dungeon (8/15)             Temple (0/1) D:6
   Lair: D:8-11

Altars:
Ashenzari
Kikubaaqudgha
Makhleb
Nemelex Xobeh
Trog
Xom

Annotations:
D:5 3 runed translucent doors, Grijm's ghost, weakling DEDe


Innate Abilities, Weirdness & Mutations

You cannot wear most types of armour.
You are very stealthy in the water. (Stealth+)
You are amphibious.
You can wear up to eight rings at the same time.
You can use your tentacles to constrict eight enemies at once.
Your skin changes colour to match your surroundings (Stealth+).
Your rubbery body absorbs attacks. (AC +1, EV +1)


Message History

The orc priest completely misses you. Something hits you.
* * * LOW HITPOINT WARNING * * *
Your troll barely misses the orc priest.
Your troll claws the orc priest!!
The orc priest dies!
Trog accepts your kill. Something hits you.
* * * LOW HITPOINT WARNING * * *
Your troll rages.
Something hits you.
* * * LOW HITPOINT WARNING * * *
Your troll bites the orc warrior but does no damage.
Your troll barely misses the orc warrior.
Your troll claws the orc warrior.
The orc priest invokes the aid of Beogh against you.
Beogh smites you!
* * * LOW HITPOINT WARNING * * *
Something hits you.
You die...

### #.### ##.#.##
#.....## ##
##.....##..#
#..........#o
####.{T........
#.<.@..ooo.....
#.....†....##..
#....##.....#
#..............
#...........###..
##.....#.#+## .
#.(...##.+
##.###...#


You could see an orc warrior, 2 orc priests and a friendly troll (summoned,
berserk).

Vanquished Creatures
  Harold (D:7)
  Pikel (D:5)
  A hornet (D:5)
  An ice beast (D:6)
  An orc warrior (D:7)
  A phantom (D:6)
  2 ogres
  The ghost of Dega the Skirmisher, an amateur DsFi (D:3)
  3 centaurs
  Blork the orc (D:6)
  2 scorpions
  4 howler monkeys (D:7)
  A vampire bat (D:5)
  A bullfrog zombie (D:7)
  A jelly (D:6)
  2 hounds
  3 orc priests
  5 orc wizards
  An iguana (D:7)
  6 worker ants
  A worker ant zombie (D:5)
  11 gnolls
  10 adders
  A shadow imp (D:5)
  A white imp (D:5)
  An ufetubus (D:6)
  An adder zombie (D:5)
  2 adder skeletons (D:6)
  6 worms
  3 dart slugs
  3 fire bats (D:5)
  4 leopard geckos
  28 orcs
  2 spectral bats (D:5)
  17 bats
  3 bat skeletons (D:5)
  A bat zombie (D:5)
  5 giant cockroaches
  11 goblins
  11 hobgoblins
  7 jackals
  5 kobolds
  3 quokkas
  A ball python (D:7)
  A bat simulacrum (D:5)
  12 frilled lizards
  A giant cockroach zombie (D:6)
  A leopard gecko skeleton (D:6)
  7 rats
199 creatures vanquished.

Vanquished Creatures (collateral kills)
  An orc priest (D:8)
1 creature vanquished.

Grand Total: 200 creatures vanquished

Notes
Turn   | Place    | Note
-------+----------+-------------------------------------------
     0 | D:1      | Mopster the Octopode Berserker began the quest for the Orb.
     0 | D:1      | Reached XP level 1. HP: 16/16 MP: 1/1
   139 | D:1      | Reached XP level 2. HP: 21/21 MP: 2/2
   531 | D:2      | Reached XP level 3. HP: 26/26 MP: 3/3
   655 | D:2      | Reached ** piety under Trog
   873 | D:2      | Reached skill level 1 in Stealth
   879 | D:2      | Reached XP level 4. HP: 13/31 MP: 4/4
  1703 | D:3      | Reached skill level 4 in Axes
  1713 | D:3      | Reached XP level 5. HP: 37/37 MP: 5/5
  2030 | D:3      | Found a large runed translucent door.
  2030 | D:3      | Found a large runed translucent door.
  2037 | D:3      | Noticed Dega's ghost (amateur DsFi)
  2324 | D:3      | Reached *** piety under Trog
  2594 | D:3      | Killed Dega's ghost
  2594 | D:3      | Reached skill level 5 in Axes
  2594 | D:3      | Reached XP level 6. HP: 37/43 MP: 6/6
  3037 | D:4      | Reached XP level 7. HP: 48/48 MP: 7/7
  3346 | D:4      | Reached skill level 5 in Stealth
  3445 | D:4      | Reached skill level 6 in Axes
  3791 | D:4      | Found a broken altar of Ashenzari.
  3794 | D:4      | Found a shimmering altar of Xom.
  3797 | D:4      | Found an ancient bone altar of Kikubaaqudgha.
  3906 | D:4      | Found a sparkling altar of Nemelex Xobeh.
  3906 | D:4      | Found a bloodstained altar of Trog.
  3960 | D:5      | Entered Level 5 of the Dungeon
  3960 | D:5      | Noticed Pikel
  3963 | D:5      | Killed Pikel
  3963 | D:5      | Reached skill level 7 in Axes
  3963 | D:5      | Reached XP level 8. HP: 54/54 MP: 8/8
  4160 | D:5      | Reached **** piety under Trog
  4258 | D:5      | Found a runed translucent gate.
  4259 | D:5      | Found a runed translucent gate.
  4259 | D:5      | Found a runed translucent gate.
  4287 | D:5      | Noticed Grijm's ghost (weakling DEDe)
  4546 | D:5      | Reached skill level 8 in Axes
  4572 | D:5      | Reached skill level 5 in Fighting
  4572 | D:5      | Reached skill level 5 in Dodging
  4844 | D:5      | Noticed a hornet
  4856 | D:5      | Killed a hornet
  5245 | D:5      | Found a burning altar of Makhleb.
  5437 | D:6      | Reached XP level 9. HP: 49/61 MP: 9/9
  5615 | D:6      | Noticed Blork the orc
  5625 | D:6      | Killed Blork the orc
  5625 | D:6      | Reached skill level 9 in Axes
  5689 | D:6      | Found a staircase to the Ecumenical Temple.
  6047 | D:7      | Noticed Harold
  6366 | D:7      | Reached ***** piety under Trog
  6602 | D:7      | Killed Harold
  6602 | D:7      | Reached skill level 10 in Axes
  6602 | D:7      | Reached skill level 1 in Shields
  6602 | D:7      | Reached XP level 10. HP: 61/68 MP: 10/10
  7300 | D:8      | HP: 1/68 [orc priest/divine providence (10)]
  7300 | D:8      | Slain by an orc wizard

Illustrated notes

Levels and vault maps discovered:
D:1:      saegor_arrival_simple_b, layout_rooms
D:2:      layout_basic
D:3:      layout_loops_cross, ebering_ghost_disaster_area
D:4:      layout_loops_cross, grunt_temple_overflow_diamond,
          amethyst_overflow_temple_binary, minmay_fractal_squares_diagonal_5
D:5:      layout_loops_ring, lightli_temple_of_fire, gammafunk_ghost_icy,
          goddamned_bats, uniq_pikel
D:6:      layout_rooms, minmay_temple_entry_tees, uniq_blork_the_orc
D:7:      layout_basic, uniq_harold
D:8:      layout_cave_pools, serial_shops, shop, nicolae_shop_behind_doors,
          shop, nicolae_shop_behind_doors, nicolae_shop_crystal

Skill      XL: |  1  2  3  4  5  6  7  8  9 |
---------------+----------------------------+-----
Stealth        | 1 2 3 4 5 7 8 |  8.1
Axes           | 4 5 7 8 10 | 10.5
Dodging        | 4 5 6 |  6.1
Fighting       | 4 5 6 |  6.2
Shields        | 1 |  1.2

Action                   |  1- 3 |  4- 6 |  7- 9 | 10-12 || total
-------------------------+-------+-------+-------+-------++-------
Melee: Hand axe          |    50 |    97 |    26 |       ||   173
       Constrict         |    16 |    28 |    53 |     4 ||   101
       Tentacles         |     8 |    23 |    38 |     3 ||    72
       War axe           |       |       |   173 |    11 ||   184
Invok: Berserk           |     2 |     6 |    11 |     1 ||    20
       Brothers in Arms  |       |       |       |     1 ||     1
 Stab: Sleeping          |     5 |     9 |    16 |       ||    30
       Distracted        |       |       |     1 |       ||     1
Armor: Skin              |     2 |     6 |     5 |       ||    13
Dodge: Dodged            |    35 |    80 |   200 |    11 ||   326
Block: Buckler           |       |       |    20 |       ||    20

Table legend: (Time is in decaauts)
 A = Elapsed time spent in this place.
 B = Non-inter-level travel time spent in this place.
 C = Inter-level travel time spent in this place.
 D = Time resting spent in this place.
 E = Time spent auto-exploring this place.
 F = Levels seen in this place.
 G = Mean time per level.
                   A        B        C        D        E       F      G
               +--------+--------+--------+--------+--------+-----+--------+
         Total |   7491 |   6848 |    643 |   2110 |   3626 |   8 |  936.4 |
       Dungeon |   7491 |   6848 |    643 |   2110 |   3626 |   8 |  936.4 |
               +--------+--------+--------+--------+--------+-----+--------+

Top non-repeatable levels by time:
     D:5: 1481 daAuts
     D:3: 1479 daAuts
     D:7: 1477 daAuts
     D:2: 1130 daAuts
     D:4: 970 daAuts
     D:6: 466 daAuts
     D:1: 466 daAuts
     D:8: 19 daAuts
